 Dungeon Crawl Stone Soup version 0.25-a0-479-g8579842fd4 (webtiles) character file.

Game seed: 10530157393826183121, levelgen mode: deterministic

368 HawFromDerth the Magician (level 6, -3/32 HPs)
             Began as a Deep Elf Venom Mage on Feb 9, 2020.
             Slain by a mummy (15 damage)
             ... on level 4 of the Dungeon.
             The game lasted 00:29:51 (5616 turns).

HawFromDerth the Magician (Deep Elf Venom Mage)     Turns: 5616, Time: 00:29:51

Health: -3/32      AC:  3    Str:  3 (5)  XL:     6   Next: 41%
Magic:  17/17      EV: 12    Int: 22      God:
Gold:   130        SH:  0    Dex: 10 (15) Spells: 8/17 levels left

rFire    . . .     SeeInvis .   d - +0 short sword (venom)
rCold    . . .     Gourm    .   (no shield)
rNeg     . . .     Faith    .   a - +1 robe
rPois    .         Spirit   .   (no helmet)
rElec    .         Reflect  .   (no cloak)
rCorr    +         Harm     .   (no gloves)
MR       .....                  (no boots)
Stlth    ++........             (no amulet)
HPRegen  0.10/turn              f - ring of resist corrosion
MPRegen  0.15/turn              (no ring)

@: no status effects
A: no striking features
a: no special abilities


You were on level 4 of the Dungeon.
You were not hungry.

You visited 1 branch of the dungeon, and saw 4 of its levels.
You also visited: Ossuary.

You collected 130 gold pieces.

Inventory:

Hand Weapons
 d - a +0 short sword of venom (weapon)
Armour
 a - a +1 robe (worn)
Jewellery
 f - a ring of resist corrosion (left hand)
Scrolls
 b - a scroll of noise
 e - a scroll of enchant armour
 h - a scroll of amnesia {unknown}
 j - a scroll of identify
 k - 3 scrolls of remove curse
Comestibles
 c - 3 rations


   Skills:
 + Level 0.2 Fighting
 + Level 2.8 Dodging
 + Level 2.9 Stealth
 + Level 6.4 Spellcasting
 + Level 0.1 Conjurations
 + Level 2.8 Transmutations
 + Level 0.1 Fire Magic
 + Level 0.3 Air Magic
 + Level 5.1 Poison Magic


You had 8 spell levels left.
You knew the following spells:

 Your Spells              Type           Power        Failure   Level  Hunger
a - Sting                 Tmut/Pois      ###.         1%          1    None
b - Poisonous Vapours     Pois/Air       ###...       4%          2    None
c - Ignite Poison         Fire/Tmut/Pois ###.....     9%          3    #......
d - Mephitic Cloud        Conj/Pois/Air  ###.....     12%         3    #......

Your spell library contained the following spells:

 Spells                   Type           Power        Failure   Level  Hunger
 Olgreb's Toxic Radiance  Pois           ####....     11%         4    ###....


Dungeon Overview and Level Annotations

Branches:
Dungeon (4/15)            Ossuary (visited)
 Temple: D:4-7

Altars:

Annotations:
D:3 anet's ghost, amateur DEWz
D:4 Menkaure


Message History

You hit the mummy.
The mummy is heavily damaged.
The mummy hits you.
You hit the mummy.
The mummy is heavily damaged.
You hit the mummy.
The mummy is severely damaged.
The mummy closely misses you.
You barely miss the mummy.
The mummy is severely damaged.
The mummy barely misses you.
You hit the mummy but do no damage.
The mummy is severely damaged.
You hit the mummy but do no damage.
The mummy is severely damaged.
The mummy hits you!
You hit the mummy but do no damage.
The mummy is severely damaged.
The mummy hits you!
You die...

#.# #. #.# ##. #.#
#.. #.# #.# #.#
##..
########.#######..#
#.......M........##
#M########.####...#
#.@...........#.#..
#.########.##.[....
#.# ######.####.#.#
#.##............#.#
#.##.#####.######.#
###.##.#####.# #.#
#.......M.M..# #.#
##.#.##.#######
##.# #.......###
#...


You could see a mummy.

Vanquished Creatures
  A bullfrog (D:4)
  3 quasits (D:3)
  An orc priest (D:3)
  4 adders (D:3)
  3 gnolls (D:3)
  2 oozes (D:1)
  2 worms (D:2)
  5 dart slugs
  4 leopard geckos
  10 orcs
  9 bats
  4 giant cockroaches
  4 goblins
  5 hobgoblins
  3 jackals (D:3)
  5 kobolds
  A quokka (D:4)
  A ball python (D:2)
  7 frilled lizards
  9 rats
83 creatures vanquished.

Notes
Turn   | Place    | Note
-------+----------+-------------------------------------------
     0 | D:1      | HawFromDerth the Deep Elf Venom Mage began the quest for
                  | the Orb.
     0 | D:1      | Reached XP level 1. HP: 10/10 MP: 6/6
   127 | D:1      | Reached XP level 2. HP: 15/15 MP: 5/8
   214 | D:1      | Learned a level 2 spell: Poisonous Vapours
   401 | D:1      | Reached XP level 3. HP: 19/19 MP: 3/9
   487 | D:1      | Learned a level 3 spell: Ignite Poison
  1914 | D:2      | Reached XP level 4. HP: 23/24 MP: 7/11
  2186 | D:3      | Reached skill level 4 in Spellcasting
  3074 | D:3      | Learned a level 3 spell: Mephitic Cloud
  3102 | D:3      | Found a transporter.
  3109 | D:3      | Found a transporter.
  3119 | D:3      | Reached XP level 5. HP: 28/28 MP: 8/14
  3200 | D:3      | Reached skill level 5 in Spellcasting
  3319 | D:3      | Noticed anet's ghost (amateur DEWz)
  3621 | D:3      | Reached skill level 6 in Spellcasting
  4243 | D:3      | Reached XP level 6. HP: 21/32 MP: 0/17
  4657 | D:4      | Noticed Menkaure
  4809 | D:4      | Reached skill level 5 in Poison Magic
  4925 | D:4      | Found a sand-covered staircase.
  4930 | Ossuary  | Entered an ossuary
  5616 | D:4      | Slain by a mummy

Levels and vault maps discovered:
D:1:      lemuel_arrival_funnel, layout_rooms
D:2:      layout_loops_corners, chequers_serial_rivers_micro_d
D:3:      layout_basic, gammafunk_ghost_stat_death, serial_curves,
          eino_curves_03, eino_curves_01
D:4:      layout_loops_ring, gammafunk_temple_overflow_elements, first_ration,
          enter_ossuary_2, uniq_menkaure

Skill      XL: |  1  2  3  4  5  6 |
---------------+-------------------+-----
Poison Magic   | 4 5 |  5.1
Transmutations | 2 |  2.8
Spellcasting   | 4 6 |  6.4
Fighting       | |  0.2
Dodging        | |  2.8
Stealth        | |  2.9
Conjurations   | |  0.1
Fire Magic     | |  0.1
Air Magic      | |  0.3

Action                   |  1- 3 |  4- 6 || total
-------------------------+-------+-------++-------
Melee: Short sword       |       |    25 ||    25
 Cast: Sting             |    59 |   128 ||   187
       Poisonous Vapours |     2 |       ||     2
       Ignite Poison     |     6 |     9 ||    15
       Mephitic Cloud    |       |     7 ||     7
  Use: Scroll            |     3 |     7 ||    10
       Potion            |     1 |     3 ||     4
  Eat: Ration            |     1 |     3 ||     4
       Chunk             |       |     3 ||     3
Armor: Robe              |     5 |    47 ||    52
Dodge: Dodged            |    13 |   111 ||   124

Table legend:
 A = Non-vault XP
 B = Vault XP
 C = Vault XP percentage of total XP
 D = Non-vault monster count
 E = Vault monster count
 F = Vault count percentage of total count
                 A         B        C        D         E       F
            +---------+---------+-------+---------+---------+-------
      Total |     387 |     139 |  26.4 |      80 |       3 |   3.6
            +---------+---------+-------+---------+---------+-------
        D:1 |      65 |       0 |   0.0 |      29 |       0 |   0.0
        D:2 |      32 |       0 |   0.0 |      13 |       0 |   0.0
        D:3 |     190 |     139 |  42.2 |      34 |       3 |   8.1
        D:4 |     100 |       0 |   0.0 |       4 |       0 |   0.0
            +---------+---------+-------+---------+---------+-------
